 Dungeon Crawl Stone Soup version 0.18.1-6-gd335043 (webtiles) character file.

416052 nubinia the Sorcerer (level 22, -22/109 HPs)
             Began as a Deep Elf Fire Elementalist on May 17, 2016.
             Was the Champion of Vehumet.
             Annihilated by a juggernaut (65 damage)
             ... on level 15 of the Dungeon on May 19, 2016.
             The game lasted 09:12:58 (64273 turns).

nubinia the Sorcerer (Deep Elf Fire Elementalist)  Turns: 64273, Time: 09:12:58

Health: -22/109    AC: 41    Str:  6    XL:     22   Next: 56%
Magic:  45/54      EV: 22    Int: 29    God:    Vehumet [******]
Gold:   4471       SH: 10    Dex: 27    Spells: 19 memorised, 3 levels left

rFire  + + .     SeeInvis +     a - +9 dagger (protect)
rCold  . . .     Gourm    .     Q - +3 leather armour {rF+}
rNeg   + + +     Faith    .     Y - +3 buckler {reflect}
rPois  +         Spirit   .     c - +1 hat "Ogat Cizoext" {*Corrode Int+3 Dex+4 SInv}
rElec  .         Dismiss  +     w - +2 cloak {MR+}
rCorr  .         Reflect  +     e - +1 pair of gloves "Gogheum" {rPois rN+ MR+}
SustAt .         Harm     .     l - +2 pair of boots {Stlth+}
MR     +++++                    d - amulet "Byvyi" {Dismiss rN+ Stlth+}
Stlth  +++++++...               q - ring "Surphuf" {+Fly rF+ rN+}
                                X - ring "Pasuxaso" {AC+5 Dex+4}

@: icy armour, repel missiles, slow, almost entirely resistant to hostile
enchantments, extremely stealthy
A: iridescent scales 1, magic resistance 1, poison resistance
a: Renounce Religion, Evoke Flight
}: 2/15 runes: serpentine, barnacled


You were on level 15 of the Dungeon.
You worshipped Vehumet.
Vehumet was exalted by your worship.
You were full.

You visited 9 branches of the dungeon, and saw 44 of its levels.
You also visited: Trove.

You collected 5455 gold pieces.
You spent 984 gold pieces at shops.

Inventory:

Hand Weapons
 a - a +9 dagger of protection (weapon)
 v - the +6 rapier of the Hummingbird {pierce, rElec rF++ Int-5 Dex+2}
   (You found it on level 3 of the Elven Halls)

   It inflicts extra damage upon your enemies.
   It affects your intelligence (-5).
   It affects your dexterity (+2).
   It greatly protects you from fire.
   It insulates you from electricity.
 W - the +10 sword of Jihad {holy, *Rage rN+ EV+3 Stlth-}
   (You took it off a deep elf mage on level 3 of the Elven Halls)

   It has been blessed by the Shining One to cause great damage to the undead
   and demons.
   It affects your evasion (+3).
   It protects you from negative energy.
   It may make you go berserk in combat.
   It makes you less stealthy.
Armour
 c - the +1 hat "Ogat Cizoext" (worn) {*Corrode Int+3 Dex+4 SInv}
   (You found it in a treasure trove)

   It affects your intelligence (+3).
   It affects your dexterity (+4).
   It lets you see invisible.
   It may corrode you when you take damage.
 e - the +1 pair of gloves "Gogheum" (worn) {rPois rN+ MR+}
   (You found it on level 1 of the Crypt)

   It protects you from poison.
   It protects you from negative energy.
   It affects your resistance to hostile enchantments.
 l - a +2 pair of boots of stealth (worn)
 w - a +2 cloak of magic resistance (worn)
 G - a +2 pair of gloves of dexterity
 Q - a +3 leather armour of fire resistance (worn)
 Y - a +3 buckler of reflection (worn)
Magical Staves
 b - an uncursed staff of power
Rods
 p - a +2 rod of ignition (11/11)
   (You found it on level 1 of the Shoals)
Jewellery
 d - the amulet "Byvyi" (around neck) {Dismiss rN+ Stlth+}
   (You found it on level 3 of the Elven Halls)

   [amulet of dismissal]

   It may teleport away creatures that harm you.
   It protects you from negative energy.
   It makes you more stealthy.
 f - the amulet "Muuremej" {Reflect rPois rF+++ Str-3 Dex+2 SH+3}
   (You took it off a deep elf mage on level 3 of the Elven Halls)

   [amulet of reflection]

   It shields you and reflects attacks.
   It affects your strength (-3).
   It affects your dexterity (+2).
   It renders you almost immune to fire.
   It protects you from poison.
   It affects your SH (+3).
 g - an uncursed amulet of the gourmand
 q - the ring "Surphuf" (right hand) {+Fly rF+ rN+}
   (You found it on level 3 of the Crypt)

   [ring of positive energy]

   It protects you from fire.
   It protects you from negative energy.
   It lets you fly.
 U - the ring "Peesygea" {rElec rN+ Str-2 Int+9}
   (You found it on level 3 of the Crypt)

   [ring of positive energy]

   It affects your strength (-2).
   It affects your intelligence (+9).
   It insulates you from electricity.
   It protects you from negative energy.
 X - the ring "Pasuxaso" (left hand) {AC+5 Dex+4}
   (You found it on level 4 of the Snake Pit)

   [ring of protection]

   It affects your AC (+5).
   It affects your dexterity (+4).
Wands
 i - a wand of iceblast (6/15)
 j - a wand of disintegration (10/24)
 F - a wand of heal wounds (6/9)
 H - a wand of digging (8/24)
 M - a wand of acid (3/15)
 P - a wand of lightning (6/15)
 R - a wand of acid (7/15)
Scrolls
 k - 6 scrolls of blinking
 m - 16 scrolls of remove curse
 n - 3 scrolls of recharging
 o - 4 scrolls of magic mapping
 y - 12 scrolls of teleportation
 B - 2 scrolls of identify
 I - 9 scrolls of fear
 J - 11 scrolls of fog
Potions
 z - a potion of invisibility
 C - 8 potions of brilliance
 E - 17 potions of curing
 K - 10 potions of flight
 N - 8 potions of haste
 O - 6 potions of heal wounds
 T - 3 potions of magic
 V - 6 potions of agility
 Z - 5 potions of cancellation
Miscellaneous
 h - a fan of gales
 s - a stone of tremors
 u - a sack of spiders
 A - a lamp of fire
 D - 2 phantom mirrors
Comestibles
 L - 16 slices of pizza


   Skills:
 + Level 2.8 Fighting
 + Level 1.8 Short Blades
   Level 1.5 Maces & Flails
 - Level 2.2 Armour
 + Level 9.6 Dodging
 + Level 9.4 Stealth
 + Level 3.6 Shields
 * Level 26.1 Spellcasting
 * Level 20.1 Conjurations
 + Level 10.6 Charms
 + Level 13.2 Summonings
 + Level 2.2 Necromancy
 + Level 6.1 Translocations
 * Level 16.9 Fire Magic
 + Level 13.7 Ice Magic
 + Level 6.9 Air Magic
   Level 5.4 Earth Magic
 - Level 4.0 Poison Magic
 + Level 3.1 Evocations


You had 3 spell levels left.
You knew the following spells:

 Your Spells              Type           Power        Failure   Level  Hunger
a - Flame Tongue          Conj/Fire      #####        0%          1    None
b - Throw Flame           Conj/Fire      ######       0%          2    None
c - Mephitic Cloud        Conj/Pois/Air  #######.     1%          3    None
d - Sticky Flame          Conj/Fire      #######.     0%          4    None
e - Shadow Creatures      Summ           N/A          1%          6    None
f - Force Lance           Conj/Tloc      #######.     1%          4    None
g - Bolt of Cold          Conj/Ice       #######...   1%          6    None
h - Iskenderun's Mystic   Conj           ########     0%          4    None
i - Iskenderun's Battles  Conj/Chrm      #######.     1%          5    None
j - Summon Lightning Spi  Summ/Air       #######.     1%          4    None
k - Call Canine Familiar  Summ           #######.     0%          3    None
l - Spellforged Servitor  Conj/Summ      #######...   1%          7    None
m - Fireball              Conj/Fire      #######...   0%          5    None
n - Blink                 Tloc           N/A          1%          2    None
o - Ozocubu's Armour      Chrm/Ice       #######.     1%          3    None
r - Repel Missiles        Chrm/Air       ######       1%          2    None
C - Conjure Flame         Conj/Fire      #######.     0%          3    None
D - Bolt of Draining      Conj/Necr      #######...   1%          5    None
S - Animate Skeleton      Necr           N/A          1%          1    None


Dungeon Overview and Level Annotations

Branches:
Dungeon (15/15)            Temple (0/1) D:4            Lair (8/8) D:11
 Shoals (4/4) Lair:3        Snake (4/4) Lair:5        Slime (0/6) Lair:6
    Orc (2/2) D:9             Elf (3/3) Orc:2        Vaults (4/5) D:14
  Crypt (3/3) Vaults:3       Tomb (0/3) Crypt:3      Depths (1/5) D:15

Altars:
Ashenzari
Cheibriados
Elyvilon
Kikubaaqudgha
Makhleb
Okawaru
Pakellas
Qazlal
Ru
Sif Muna
Vehumet
Xom
Yredelemnul
Zin
The Shining One

Shops:
Orc:2 ?}(%(   Elf:2 =?(   Shoals:4 *   Snake:3 !   Vaults:2 *

Portals:
Hell: Lair:8

Annotations:
D:2 Terence
D:5 Edmund
Crypt:2 exclusion: mummy


Innate Abilities, Weirdness & Mutations

You are partially covered in iridescent scales (AC +4).
You are resistant to hostile enchantments.
Your system is resistant to poisons.


Message History

Casting: Blink
Confirm with . or Enter, or press ? or * to list all spells.
Aiming: Force Lance
Press: ? - help, Shift-Dir - straight line, f - fire dragon
Aim: a fire dragon The lance of force hits the fire dragon.
The fire dragon is lightly wounded.
The fire dragon is knocked back by the lance of force.
Casting: Force Lance
Confirm with . or Enter, or press ? or * to list all spells.
Aiming: Force Lance
Press: ? - help, Shift-Dir - straight line, f/p - fire dragon
Aim: a fire dragon (lightly wounded)
The lance of force hits the juggernaut.
The juggernaut is lightly wounded.
The juggernaut is knocked back by the lance of force.
You hear a shout!
The juggernaut hits you!!!
Ouch! That really hurt!
You die...

#.# #...# #.# #..# #... #.#
#...# #.# #..# #... #.# #...#
#.# #..# #... #!# #...#
#######.# #..# #... #.#
#...###.....### #..# #... #.#
#...##...D)..## #..# #..Z #.#
#...#..##)##..# #).# #... #.#
#).##..#...#C.# #..# #.Z. #(#
#..##.Z#.>Z#@.# #..# #... #.#
#..##..#[C.#(.# #..# #... #.#
#..##..#####(.# #..# #... #.#
#..###.).....######..#####...
#.# #..#
##.[(..##............... #.#
#..# ###'###...)))..........
#.###..#
#.##...####..........
#......# #......# #..........
#......# ####...# #..........


You could see a juggernaut.

Vanquished Creatures
  Khufu (Crypt:2)
  2 greater mummies (Crypt:2)
  Saint Roka (Vaults:3)
  A bone dragon (Crypt:3)
  5 liches
  A deep elf blademaster (Elf:3)
  A deep elf master archer (Elf:3)
  Frances (D:13)
  An ancient champion (Crypt:2)
  Ilsuiw (Shoals:4)
  A revenant (Crypt:3)
  8 deep elf sorcerers
  2 greater nagas (Snake:4)
  A fire giant (Vaults:4)
  6 vault wardens
  A ghoul (Crypt:2)
  2 curse skulls (Crypt:3)
  2 deep elf elementalists
  3 war gargoyles (Crypt:3)
  Nessos (D:12)
  4 ironheart preservers
  5 stone giants
  2 salamander stormcallers (Vaults:4)
  6 vampire knights
  Azrael (Orc:2)
  4 deep elf demonologists (Elf:3)
  8 deep elf annihilators
  4 eidola
  An ettin (Orc:2)
  7 vault guards
  Josephine (Lair:8)
  A mummy priest (Crypt:3)
  5 merfolk javelineers (Shoals:4)
  5 deep elf death magi
  4 deep elf high priests (Elf:3)
  8 merfolk impalers
  3 fire dragons
  4 yaktaur captains (Vaults:1)
  7 jiangshi
  2 great orbs of eyes
  A quicksilver dragon zombie (Crypt:3)
  The ghost of deorigin the Basher, a novice OgBe of Trog (D:8)
  8 hydras
  10 naga warriors
  2 merfolk avatars
  3 satyrs
  4 merfolk aquamancers
  3 anacondas
  3 centaur warriors
  8 ogre magi
  32 dancing weapons
  A tengu warrior (D:12)
  4 vampire magi (Crypt:3)
  11 death yaks
  5 naga sharpshooters
  A queen ant (Lair:3)
  A deep troll earth mage (D:15)
  An orc high priest (Orc:2)
  A titan zombie (Crypt:1)
  6 shock serpents
  18 deep elf knights
  2 soul eaters
  Nergalle (D:11)
  A titan skeleton (Crypt:3)
  A sun demon (Lair:8)
  9 hell knights (Crypt:3)
  2 salamander mystics (Snake:4)
  A fire crab (Vaults:1)
  63 skeletal warriors
  A fire crab (shapeshifter) (Vaults:3)
  7 shadow wraiths
  3 storm dragon skeletons
  2 giant orange brains
  7 unseen horrors
  7 sea snakes
  4 naga ritualists (Snake:4)
  3 flayed ghosts
  14 deep elf archers
  3 wizards
  10 ironbrand convokers
  2 anaconda skeletons
  18 harpies
  An orange crystal statue (Elf:3)
  A harpy (shapeshifter) (Vaults:1)
  5 hill giants
  13 orc knights
  17 griffons
  A wolf spider zombie (Crypt:3)
  5 phantasmal warriors
  2 tengu skeletons (Vaults:3)
  4 wolf spiders
  56 deep elf magi
  A lindwurm (Lair:2)
  3 frost giant zombies
  13 ugly things
  2 shadow dragon zombies
  5 necromancers
  3 fauns
  4 mana vipers
  12 cyclopes
  8 orc sorcerers
  4 manticores
  2 stone giant zombies
  6 sirens
  11 salamanders
  12 water nymphs
  3 sphinx skeletons
  3 hornets
  A moth of wrath (shapeshifter) (Vaults:3)
  An iron dragon skeleton (Crypt:1)
  15 elephants
  2 fire giant skeletons
  8 vault sentinels
  35 black mambas
  12 naga magi
  2 stone giant skeletons
  2 frost giant skeletons
  2 orange demons (Lair:8)
  6 smoke demons
  6 gargoyles
  21 yaktaurs
  13 spiny frogs
  4 kobold demonologists
  8 rime drakes
  8 freezing wraiths
  12 komodo dragons
  3 ice devils (Lair:8)
  A yaktaur (shapeshifter) (D:15)
  2 yaktaur skeletons (Vaults:3)
  A hydra zombie (Crypt:2)
  3 red devils (Lair:8)
  A tengu conjurer (D:15)
  A polar bear (Lair:7)
  2 harpy zombies
  A harpy skeleton (Crypt:2)
  34 merfolk
  16 trolls
  A troll (shapeshifter) (Vaults:3)
  19 two-headed ogres
  7 snapping turtles
  4 wind drakes
  A two-headed ogre (shapeshifter) (Elf:3)
  5 boulder beetles
  19 slime creatures
  2 blink frogs (shapeshifter) (Elf:1)
  A guardian serpent zombie (Crypt:2)
  24 blink frogs
  An ettin zombie (Crypt:3)
  An alligator zombie (Crypt:2)
  2 ice dragon skeletons
  A centaur simulacrum (D:13)
  2 vampires (Crypt:3)
  9 water elementals
  2 bog bodies (Crypt:2)
  An ice dragon zombie (Crypt:3)
  4 shadows
  63 yaks
  A spriggan (shapeshifter) (Elf:2)
  6 air elementals
  2 black mamba zombies
  2 ettin skeletons
  A wyvern (D:15)
  15 wraiths
  Sigmund (D:5)
  A yak (shapeshifter) (Vaults:2)
  6 hungry ghosts
  3 basilisks
  5 fire elementals
  19 hippogriffs
  A yaktaur simulacrum (Vaults:3)
  A human (D:8)
  A hippogriff (shapeshifter) (D:15)
  9 vampire mosquitoes
  6 wargs
  3 mottled dragons
  29 nagas
  2 steam dragons
  17 soldier ants (Lair:3)
  20 water moccasins
  4 hell hounds
  2 spiny frog zombies (Crypt:3)
  14 porcupines
  24 orc warriors
  4 black bears
  2 sky beasts
  A putrid demonspawn skeleton (Crypt:2)
  6 ice beasts
  6 phantoms
  2 necrophages
  An ettin simulacrum (Crypt:3)
  An ogre (shapeshifter) (Vaults:2)
  31 ogres
  An eye of draining (D:12)
  An elf skeleton (Vaults:3)
  9 centaurs
  15 crocodiles
  16 wolves
  A swamp dragon skeleton (Crypt:1)
  2 big kobolds
  A draconian skeleton (Crypt:1)
  An earth elemental (Elf:1)
  4 human skeletons
  20 giant frogs
  A salamander skeleton (Crypt:1)
  4 wyvern zombies
  A queen bee zombie (Crypt:2)
  3 scorpions
  A wyvern skeleton (D:10)
  2 wights
  16 killer bees
  3 electric eels
  10 howler monkeys (D:10)
  5 crimson imps
  A polar bear skeleton (Crypt:2)
  2 centaur zombies
  3 giant frog zombies
  6 centaur skeletons
  5 hounds
  14 orc priests
  A jelly (D:6)
  3 giant frog skeletons
  6 iguanas
  31 orc wizards
  A porcupine zombie (Crypt:1)
  33 worker ants
  A spriggan simulacrum (Crypt:2)
  A killer bee zombie (D:9)
  39 sheep
  A dwarf zombie (Crypt:1)
  A sky beast zombie (Crypt:1)
  A hound zombie (D:8)
  A hound skeleton (D:6)
  A mummy (Crypt:2)
  A worker ant zombie (D:11)
  A hell rat skeleton (Crypt:2)
  8 gnolls
  16 adders
  16 river rats
  3 shadow imps
  3 oozes
  An adder skeleton (D:4)
  4 worms
  6 giant geckos
  80 orcs
  11 bats
  4 giant cockroaches
  5 goblins
  17 hobgoblins
  17 jackals
  8 quokkas
  3 ball pythons
  A giant gecko zombie (D:8)
  4 giant newts
  8 kobolds
  A quokka skeleton (D:4)
  5 rats
  A spectral orc (D:3)
  A butterfly (D:9)
  A fungus (Lair:2)
  5 lost souls
  12 plants
  A tentacle (Shoals:4)
  A tentacle segment (Shoals:4)
  A withered plant (Crypt:3)
1762 creatures vanquished.

Vanquished Creatures (collateral kills)
  A lich (Crypt:3)
  Asterion (Snake:3)
  A kraken (Shoals:4)
  4 greater nagas
  Maud (Orc:2)
  Wiglaf (Vaults:2)
  A vault warden (Vaults:2)
  Aizul (Snake:4)
  A ghoul (Crypt:2)
  An ironheart preserver (Vaults:3)
  A deep elf elementalist (Elf:3)
  A very ugly thing (Vaults:4)
  A vampire knight (Crypt:1)
  A deep elf annihilator (Elf:3)
  A merfolk javelineer (Shoals:2)
  2 jiangshi (Crypt:3)
  3 vault guards
  7 merfolk impalers
  A great orb of eyes (Vaults:1)
  5 naga warriors
  2 merfolk avatars
  An anaconda (Snake:3)
  A satyr (Shoals:4)
  A merfolk aquamancer (Shoals:4)
  A death knight (D:13)
  An alligator snapping turtle (Shoals:1)
  2 dancing weapons (Elf:1)
  A death yak (Lair:8)
  A tengu warrior (D:15)
  2 vampire magi
  A shock serpent (Snake:4)
  5 naga sharpshooters
  6 skeletal warriors
  2 deep elf knights (Elf:1)
  2 hell knights (Crypt:3)
  A salamander mystic (Snake:2)
  4 sea snakes
  2 naga ritualists
  2 deep trolls (Orc:2)
  2 deep elf archers
  A phantasmal warrior (Crypt:1)
  2 harpies
  A hill giant (Orc:2)
  An anaconda skeleton (Crypt:3)
  An orc knight (Vaults:2)
  3 fauns
  4 deep elf magi
  3 ugly things (Vaults:4)
  A griffon (Shoals:1)
  A frost giant zombie (Vaults:2)
  A manticore (D:15)
  A stone giant skeleton (Vaults:3)
  A siren (Shoals:2)
  2 black mambas (Snake:3)
  A guardian serpent (Snake:4)
  A smoke demon (Crypt:3)
  7 naga magi (Snake:4)
  A centaur skeleton (D:13)
  2 yaktaurs
  4 trolls
  10 merfolk
  A boulder beetle (Vaults:2)
  2 two-headed ogres
  A boulder beetle (shapeshifter) (Vaults:1)
  A snapping turtle (Shoals:2)
  A wraith (D:12)
  A yak (Lair:8)
  A vampire (Crypt:3)
  A vampire mosquito (D:15)
  A soldier ant (Lair:3)
  4 nagas
  A hell hound (Orc:2)
  6 orc warriors
  7 ogres
  A centaur (D:13)
  A phantom (D:13)
  3 wolves (Lair:5)
  A killer bee (D:12)
  An orc priest (Orc:2)
  4 orc wizards
  A worker ant (D:14)
  A river rat (Lair:3)
  5 orcs
  5 kobolds (D:15)
  A plant (Shoals:1)
177 creatures vanquished.

Vanquished Creatures (others)
  A merfolk javelineer (Shoals:4)
  A centaur warrior (Vaults:1)
  A naga sharpshooter (Snake:4)
  A skeletal warrior (Crypt:2)
  An elephant (Lair:2)
  A cyclops (Vaults:2)
  A merfolk (Shoals:4)
  A golden eye (shapeshifter) (Elf:2)
  2 soldier ants (Lair:3)
  84 fungi
  A lost soul (Crypt:1)
  69 plants
  3 tentacles (Shoals:4)
  142 tentacle segments (Shoals:4)
  31 withered plants (Crypt:3)
340 creatures vanquished.

Grand Total: 2279 creatures vanquished

Notes
Turn   | Place    | Note
--------------------------------------------------------------
     0 | D:1      | nubinia the Deep Elf Fire Elementalist began the quest for the Orb.
     0 | D:1      | Reached XP level 1. HP: 10/10 MP: 6/6
   180 | D:1      | Reached XP level 2. HP: 15/15 MP: 2/8
   233 | D:1      | Learned a level 2 spell: Throw Flame
   526 | D:1      | Reached XP level 3. HP: 19/19 MP: 6/10
   531 | D:1      | Learned a level 3 spell: Conjure Flame
   929 | D:2      | Found a radiant altar of Vehumet.
   952 | D:2      | Became a worshipper of Vehumet
  1014 | D:2      | Gained mutation: You are resistant to hostile enchantments. [potion of beneficial mutation]
  1031 | D:2      | Noticed Terence
  1154 | D:2      | Reached XP level 4. HP: 24/24 MP: 11/11
  1774 | D:2      | Learned a level 4 spell: Sticky Flame
  1798 | D:2      | Reached skill level 4 in Spellcasting
  2079 | D:3      | Reached * piety under Vehumet
  2079 | D:3      | Offered knowledge of Sandblast by Vehumet.
  2082 | D:3      | Learned a level 1 spell: Sandblast
  2308 | D:3      | Reached XP level 5. HP: 17/28 MP: 13/13
  2504 | D:3      | Reached skill level 1 in Earth Magic
  2774 | D:3      | Found a basalt altar of Yredelemnul.
  3291 | D:4      | Offered knowledge of Shock by Vehumet.
  3341 | D:4      | Reached XP level 6. HP: 32/32 MP: 10/15
  3343 | D:4      | Reached ** piety under Vehumet
  3557 | D:4      | Reached skill level 5 in Spellcasting
  3630 | D:4      | Reached skill level 5 in Fire Magic
  3748 | D:4      | Found a shattered altar of Ashenzari.
  3777 | D:4      | Found a glowing golden altar of the Shining One.
  3787 | D:4      | Reached XP level 7. HP: 36/36 MP: 13/17
  3948 | D:4      | Found a staircase to the Ecumenical Temple.
  4135 | D:5      | Entered Level 5 of the Dungeon
  4219 | D:5      | Gained mutation: You are weak. (Str -2) [potion of mutation]
  4219 | D:5      | Gained mutation: Your system is resistant to poisons. [potion of mutation]
  4219 | D:5      | Gained mutation: You are partially covered in iridescent scales (AC +4). [potion of mutation]
  4248 | D:5      | Found an ancient bone altar of Kikubaaqudgha.
  4411 | D:5      | Noticed Edmund
  4521 | D:5      | Lost mutation: You are weak. (Str -2) [potion of beneficial mutation]
  4623 | D:5      | Noticed Sigmund
  4650 | D:5      | Killed Sigmund
  4650 | D:5      | Reached skill level 6 in Spellcasting
  4988 | D:6      | Reached skill level 7 in Spellcasting
  5137 | D:6      | Reached XP level 8. HP: 41/41 MP: 20/20
  5212 | D:6      | Found a white marble altar of Elyvilon.
  5575 | D:6      | Found a deep blue altar of Sif Muna.
  5741 | D:6      | Learned a level 5 spell: Fireball
  5785 | D:7      | Found a glowing silver altar of Zin.
  5860 | D:7      | Offered knowledge of Throw Frost by Vehumet.
  6256 | D:7      | Reached skill level 8 in Spellcasting
  6655 | D:7      | Reached skill level 5 in Conjurations
  7010 | D:7      | Found a snail-covered altar of Cheibriados.
  7141 | D:8      | Found a burning altar of Makhleb.
  7253 | D:8      | Reached skill level 9 in Spellcasting
  7442 | D:8      | Noticed deorigin's ghost (novice OgBe)
  7534 | D:8      | Reached XP level 9. HP: 46/46 MP: 24/24
  7580 | D:8      | Reached skill level 5 in Earth Magic
  7685 | D:8      | Reached *** piety under Vehumet
  7775 | D:8      | Reached skill level 10 in Spellcasting
  8129 | D:8      | Killed deorigin's ghost
  8129 | D:8      | Reached skill level 11 in Spellcasting
  8129 | D:8      | Reached XP level 10. HP: 20/51 MP: 27/27
  8404 | D:9      | Found a staircase to the Orcish Mines.
  8519 | D:9      | Found an oddly glowing altar of Pakellas.
  8521 | D:9      | Found a stormy altar of Qazlal.
  8523 | D:9      | Offered knowledge of Stone Arrow by Vehumet.
  8528 | D:9      | Learned a level 3 spell: Stone Arrow
  8854 | D:9      | Found a shimmering altar of Xom.
  9422 | D:9      | Reached skill level 12 in Spellcasting
  9579 | Orc:1    | Entered Level 1 of the Orcish Mines
  9736 | Orc:2    | Entered Level 2 of the Orcish Mines
  9736 | Orc:2    | Noticed Azrael
  9793 | D:10     | Entered Level 10 of the Dungeon
  9819 | D:10     | Reached **** piety under Vehumet
 10115 | D:10     | Reached skill level 5 in Dodging
 10172 | D:10     | Offered knowledge of Static Discharge by Vehumet.
 10683 | D:10     | Found a portal to a secret trove of treasure.
 10743 | D:10     | Learned a level 3 spell: Mephitic Cloud
 10992 | D:10     | Noticed a gargoyle
 11003 | D:10     | Killed a gargoyle
 11003 | D:10     | Reached XP level 11. HP: 45/55 MP: 26/29
 11071 | D:11     | Reached skill level 10 in Fire Magic
 11109 | D:11     | Found a staircase to the Lair.
 11131 | D:11     | Reached skill level 5 in Stealth
 11285 | D:11     | Noticed an unseen horror
 11286 | D:11     | Killed an unseen horror
 11469 | D:11     | Noticed Nergalle
 11677 | D:12     | Reached skill level 13 in Spellcasting
 11878 | D:12     | Reached skill level 10 in Conjurations
 11929 | D:12     | Reached ***** piety under Vehumet
 12222 | D:12     | Offered knowledge of Olgreb's Toxic Radiance by Vehumet.
 12272 | D:12     | Noticed Nessos
 12345 | D:11     | Reached skill level 1 in Air Magic
 12362 | D:11     | Reached skill level 1 in Armour
 12512 | D:11     | Killed Nergalle
 12512 | D:11     | Reached skill level 1 in Poison Magic
 12723 | Lair:1   | Entered Level 1 of the Lair of Beasts
 12751 | Lair:1   | Reached skill level 1 in Fighting
 12765 | Lair:1   | Reached skill level 1 in Maces & Flails
 12902 | Lair:1   | Reached skill level 14 in Spellcasting
 13043 | Lair:1   | Identified a scroll of acquirement
 13139 | Lair:1   | Reached XP level 12. HP: 59/61 MP: 17/32
 14478 | Lair:2   | Reached skill level 1 in Evocations
 14846 | Lair:2   | Reached skill level 15 in Spellcasting
 15533 | Lair:2   | Offered knowledge of Iskenderun's Mystic Blast by Vehumet.
 15701 | Lair:3   | Learned a level 4 spell: Iskenderun's Mystic Blast
 15710 | Lair:3   | Found a sacrificial altar of Ru.
 16109 | Lair:3   | Reached skill level 1 in Shields
 16129 | Lair:3   | Noticed a queen ant
 16144 | Lair:3   | Killed a queen ant
 16144 | Lair:3   | Reached XP level 13. HP: 62/66 MP: 28/34
 16233 | Lair:3   | Found a staircase to the Shoals.
 17035 | Lair:4   | Reached skill level 16 in Spellcasting
 17036 | Lair:4   | Reached skill level 1 in Short Blades
 17717 | Lair:5   | Offered knowledge of Spellforged Servitor by Vehumet.
 17726 | Lair:5   | Learned a level 7 spell: Spellforged Servitor
 17794 | Lair:5   | Reached skill level 1 in Summonings
 17920 | Lair:5   | Found a sacrificial altar of Ru.
 17995 | Lair:5   | Found a staircase to the Snake Pit.
 18416 | Lair:5   | Reached skill level 5 in Summonings
 19128 | Lair:6   | Found a deep blue altar of Sif Muna.
 19707 | Lair:6   | Found a staircase to the Slime Pits.
 20558 | Lair:7   | Reached XP level 14. HP: 71/71 MP: 35/36
 20716 | Lair:7   | Learned a level 4 spell: Summon Lightning Spire
 20937 | Lair:7   | Learned a level 3 spell: Call Canine Familiar
 20964 | Lair:8   | Entered Level 8 of the Lair of Beasts
 21280 | Lair:8   | Reached ****** piety under Vehumet
 21400 | Lair:8   | Found a burning altar of Makhleb.
 22152 | Lair:8   | Offered knowledge of Iskenderun's Battlesphere by Vehumet.
 22175 | Lair:8   | Learned a level 5 spell: Iskenderun's Battlesphere
 22246 | Lair:8   | Noticed Josephine
 22248 | Lair:8   | Killed Josephine
 22248 | Lair:8   | Reached skill level 10 in Summonings
 22476 | Lair:8   | Reached skill level 17 in Spellcasting
 23198 | Lair:8   | Found a gateway to Hell.
 23386 | Snake:1  | Entered Level 1 of the Snake Pit
 24185 | Snake:2  | Offered knowledge of Conjure Ball Lightning by Vehumet.
 24632 | Snake:2  | Noticed a greater naga
 24639 | Snake:2  | Killed a greater naga
 24639 | Snake:2  | Reached XP level 15. HP: 76/76 MP: 22/38
 25637 | Snake:3  | Noticed a greater naga
 25640 | Snake:3  | Killed a greater naga
 25720 | Snake:3  | Found Iqugir Ahum's Distillery.
 25780 | Snake:3  | Noticed Asterion
 25786 | Snake:3  | Killed Asterion
 25786 | Snake:3  | Reached skill level 18 in Spellcasting
 27284 | Snake:4  | Entered Level 4 of the Snake Pit
 27305 | Snake:4  | Noticed Aizul
 27316 | Snake:4  | Killed Aizul
 28157 | Snake:4  | Got a crude iron ring
 28158 | Snake:4  | Identified the ring "Pasuxaso" {AC+5 Dex+4} (You found it on level 4 of the Snake Pit)
 28502 | Snake:4  | Noticed a greater naga
 28647 | Snake:4  | Killed a greater naga
 28863 | Snake:4  | Offered knowledge of Poisonous Cloud by Vehumet.
 29028 | Snake:4  | Reached skill level 1 in Charms
 29028 | Snake:4  | Reached XP level 16. HP: 58/81 MP: 8/40
 29233 | Snake:4  | Reached skill level 19 in Spellcasting
 29961 | Snake:4  | Got a serpentine rune of Zot
 30485 | Snake:4  | Reached skill level 15 in Conjurations
 30983 | D:10     | You paid a toll of 6 scrolls of blinking to enter a treasure trove
 30984 | Trove    | Entered a treasure trove
 30989 | Trove    | Got a bloodstained hat
 31022 | Trove    | Got an ichor-stained cloak
 31033 | Trove    | Identified the +1 cloak of Brilliance {Stlth+} (You found it in a treasure trove)
 31113 | Trove    | Got a crude ring mail
 31119 | Trove    | Identified the cursed +0 ring mail "Vuit" {rF+ rC+ MR-} (You found it in a treasure trove)
 31129 | Trove    | Identified the +1 hat "Ogat Cizoext" {*Corrode Int+3 Dex+4 SInv} (You found it in a treasure trove)
 31192 | Trove    | Got a fine plate armour
 31198 | Trove    | Identified the +4 plate armour "Sekkususui" {rPois rF+ MP-9} (You found it in a treasure trove)
 31564 | Shoals:1 | Entered Level 1 of the Shoals
 31759 | Shoals:1 | Identified a +0 rod of ignition (10/10) (You found it on level 1 of the Shoals)
 31884 | Shoals:1 | Learned a level 5 spell: Irradiate
 32417 | Shoals:1 | Offered knowledge of Bolt of Cold by Vehumet.
 32426 | Shoals:1 | Learned a level 6 spell: Bolt of Cold
 32725 | Shoals:2 | Reached skill level 1 in Ice Magic
 33915 | Shoals:3 | Reached skill level 20 in Spellcasting
 34499 | Shoals:4 | Entered Level 4 of the Shoals
 34557 | Shoals:4 | Noticed Ilsuiw
 34576 | Shoals:4 | Reached XP level 17. HP: 49/85 MP: 12/43
 35172 | Shoals:4 | Offered knowledge of Glaciate by Vehumet.
 35172 | Shoals:4 | Offered knowledge of Chain Lightning by Vehumet.
 35172 | Shoals:4 | Offered knowledge of Tornado by Vehumet.
 35497 | Lair:1   | Learned a level 2 spell: Repel Missiles
 35500 | Lair:1   | Learned a level 2 spell: Blink
 35736 | Shoals:4 | Killed Ilsuiw
 35736 | Shoals:4 | Reached skill level 5 in Charms
 36184 | Shoals:4 | Noticed a kraken
 36193 | Shoals:4 | Reached skill level 5 in Ice Magic
 36210 | Shoals:4 | Killed a kraken
 36271 | Shoals:4 | Got a barnacled rune of Zot
 37187 | Shoals:4 | Found Amom's General Store.
 37835 | D:12     | Got a polished scale mail
 37836 | D:12     | Identified the +4 scale mail of Least Resistance {Dex+2 Slay+3} (You took it off an orc on level 12 of the Dungeon)
 37898 | D:12     | Killed Nessos
 37912 | D:12     | Got a wavering bone amulet
 37913 | D:12     | Identified the amulet of Light {Inacc rF+} (You found it on level 12 of the Dungeon)
 38575 | Lair:5   | Learned a level 3 spell: Ozocubu's Armour
 38696 | D:13     | Noticed Frances
 38745 | D:13     | Reached skill level 21 in Spellcasting
 38751 | D:13     | Killed Frances
 38777 | D:13     | Reached skill level 5 in Air Magic
 39580 | D:14     | Found an iron altar of Okawaru.
 40103 | D:14     | Reached XP level 18. HP: 91/91 MP: 45/45
 40188 | D:14     | Found a gate to the Vaults.
 40364 | Vaults:1 | Entered Level 1 of the Vaults
 42177 | Vaults:1 | Reached skill level 15 in Fire Magic
 42865 | Vaults:2 | Noticed Wiglaf
 42870 | Vaults:2 | Killed Wiglaf
 43009 | Vaults:2 | Reached skill level 22 in Spellcasting
 43487 | Vaults:2 | Found Ynuteg's General Store.
 44713 | Orc:2    | Killed Azrael
 44724 | Orc:2    | Reached XP level 19. HP: 95/95 MP: 11/47
 44884 | Orc:2    | Found a staircase to the Elven Halls.
 44897 | Orc:2    | Found Aneir's Antique Weapon Shoppe.
 45131 | Orc:2    | Found Extuaxaw's Antique Weapon Boutique.
 45136 | Orc:2    | Noticed Maud
 45147 | Orc:2    | Killed Maud
 45389 | Orc:2    | Found Zeuvum's Magic Scroll Boutique.
 45395 | Orc:2    | Found Muofiax's Food Shoppe.
 45429 | Orc:2    | Bought a scroll of acquirement for 624 gold pieces
 45444 | Orc:2    | Found Emmiex's Gadget Shop.
 45612 | Orc:2    | Learned a level 6 spell: Shadow Creatures
 45834 | Elf:1    | Entered Level 1 of the Elven Halls
 46849 | Elf:1    | Reached skill level 10 in Ice Magic
 47649 | Elf:2    | Found Winueb's Magic Scroll Shoppe.
 47650 | Elf:2    | Found Fuciz's Weapon Shop.
 47910 | Elf:2    | Found Waquvakk's Jewellery Shoppe.
 47918 | Elf:2    | Bought an uncursed amulet of magic regeneration for 360 gold pieces
 48138 | Elf:2    | Got an iridescent war axe
 48139 | Elf:2    | Identified the cursed +1 war axe of Bankruptcy {pain, *Drain rPois MR++ SInv} (You found it on level 2 of the Elven Halls)
 48148 | Elf:2    | Found a runed gate.
 48148 | Elf:2    | Found a runed gate.
 48149 | Elf:2    | Found a runed gate.
 48638 | Elf:2    | Reached skill level 23 in Spellcasting
 49089 | Elf:3    | Entered Level 3 of the Elven Halls
 49200 | Elf:3    | Learned a level 4 spell: Force Lance
 49712 | Elf:3    | Got a brightly glowing ruby amulet
 49713 | Elf:3    | Identified the amulet "Byvyi" {Dismiss rN+ Stlth+} (You found it on level 3 of the Elven Halls)
 49844 | Elf:3    | Reached XP level 20. HP: 100/100 MP: 49/49
 50492 | Elf:3    | Got a polished long sword {venom}
 50493 | Elf:3    | Identified the cursed +1 long sword of Ekall {venom, MR+} (You took it off a deep elf demonologist on level 3 of the Elven Halls)
 50503 | Elf:3    | Identified the Compendium of the Assistive Escort
 50569 | Elf:3    | Got a scorched leather armour
 50570 | Elf:3    | Identified the +1 leather armour of the Kettle-Drum {rPois rN+++ Dex-3 Slay+2} (You took it off a deep elf mage on level 3 of the Elven Halls)
 50574 | Elf:3    | Got a transparent steel amulet
 50575 | Elf:3    | Identified the amulet "Muuremej" {Reflect rPois rF+++ Str-3 Dex+2 SH+3} (You took it off a deep elf mage on level 3 of the Elven Halls)
 50594 | Elf:3    | Identified the Grimoire of Unstable Snow
 50597 | Elf:3    | Got a translucent turquoise ring
 50598 | Elf:3    | Identified the ring "Tewn" {*Tele rF+ rN+++} (You found it on level 3 of the Elven Halls)
 50603 | Elf:3    | Got a bound wooden ring
 50604 | Elf:3    | Identified the ring of Bom Xuek {rC+ Str+2 Stlth-} (You found it on level 3 of the Elven Halls)
 50613 | Elf:3    | Got a transparent rapier
 50614 | Elf:3    | Identified the +6 rapier of the Hummingbird {pierce, rElec rF++ Int-5 Dex+2} (You found it on level 3 of the Elven Halls)
 50628 | Elf:3    | Identified the Catalogue of Protection
 51442 | Vaults:3 | Noticed Saint Roka
 51453 | Vaults:3 | Killed Saint Roka
 52442 | Vaults:3 | Reached skill level 24 in Spellcasting
 52928 | Vaults:3 | Found a staircase to the Crypt.
 53548 | Crypt:1  | Entered Level 1 of the Crypt
 54046 | Crypt:1  | Got a pair of encrusted gloves
 54047 | Crypt:1  | Identified the +1 pair of gloves "Gogheum" {rPois rN+ MR+} (You found it on level 1 of the Crypt)
 54872 | Crypt:1  | Reached XP level 21. HP: 104/104 MP: 43/51
 55414 | Crypt:2  | Noticed Khufu
 55414 | Crypt:2  | Noticed a greater mummy
 56007 | Crypt:2  | Reached skill level 1 in Translocations
 56433 | Crypt:2  | Noticed a greater mummy
 56453 | Crypt:2  | Killed a greater mummy
 56479 | Crypt:2  | Killed Khufu
 56676 | Crypt:2  | Killed a greater mummy
 57456 | Crypt:3  | Entered Level 3 of the Crypt
 57736 | Crypt:3  | Reached skill level 10 in Charms
 57842 | Crypt:3  | Reached skill level 25 in Spellcasting
 57989 | Crypt:3  | Identified the Incunabulum of Darkness
 57992 | Crypt:3  | Learned a level 1 spell: Animate Skeleton
 57998 | Crypt:3  | Learned a level 5 spell: Bolt of Draining
 58614 | Crypt:3  | Got an ancient tin ring
 58615 | Crypt:3  | Identified the ring "Peesygea" {rElec rN+ Str-2 Int+9} (You found it on level 3 of the Crypt)
 58619 | Crypt:3  | Got a scorched tin amulet
 58620 | Crypt:3  | Identified the amulet of the Countless Orbs {Regen+ Int+2 Stlth+} (You found it on level 3 of the Crypt)
 58622 | Crypt:3  | Got a sparkling platinum ring
 58623 | Crypt:3  | Identified the ring "Surphuf" {+Fly rF+ rN+} (You found it on level 3 of the Crypt)
 59269 | Crypt:3  | Reached skill level 5 in Translocations
 60202 | Crypt:3  | Reached XP level 22. HP: 109/109 MP: 38/53
 60828 | Crypt:3  | Found a staircase to the Tomb.
 62665 | Vaults:4 | Reached skill level 1 in Necromancy
 63269 | D:15     | Entered Level 15 of the Dungeon
 63368 | D:15     | Got a smoking long sword
 63400 | D:15     | Identified the +2 long sword "Jeunum" {holy, Fragile Int+9} (You found it on level 15 of the Dungeon)
 63469 | D:15     | Reached skill level 26 in Spellcasting
 63693 | D:15     | Found a staircase to the Depths.
 64211 | Depths:1 | Entered Level 1 of the Depths
 64211 | Depths:1 | Noticed a juggernaut
 64273 | D:15     | Annihilated by a juggernaut

Skill      XL: |  1  2  3  4  5  6  7  8  9 10 11 12 13 14 15 16 17 18 19 20 21 22 |
---------------+-------------------------------------------------------------------+-----
Fire Magic     | 4 5 6 8 9 10 11 12 13 14 15 16 | 16.9
Stealth        | 3 4 5 6 7 8 9 |  9.4
Conjurations   | 2 3 4 5 7 9 10 11 12 13 14 15 16 17 18 19 20 | 20.1
Spellcasting   | 4 5 7 9 11 12 14 15 16 17 18 20 21 22 23 24 25 26 | 26.1
Dodging        | 3 4 5 6 7 8 9 |  9.6
Earth Magic    | 1 2 3 4 5 |  5.4
Air Magic      | 2 3 4 5 6 |  6.9
Armour         | 1 2 |  2.2
Poison Magic   | 2 3 4 |  4.0
Fighting       | 1 2 |  2.8
Maces & Flails | 1 |  1.5
Evocations     | 1 2 3 |  3.1
Shields        | 1 2 3 |  3.6
Short Blades   | 1 |  1.8
Summonings     | 9 10 12 13 | 13.2
Charms         | 1 4 5 7 8 9 10 | 10.6
Ice Magic      | 3 6 9 11 12 13 | 13.7
Translocations | 5 6 |  6.1
Necromancy     | 2 |  2.2

Action                   |  1- 3 |  4- 6 |  7- 9 | 10-12 | 13-15 | 16-18 | 19-21 | 22-24 || total
-------------------------+-------+-------+-------+-------+-------+-------+-------+-------++-------
Melee: Short sword       |     7 |       |       |       |       |       |       |       ||     7
       Dagger            |    10 |    59 |     1 |    62 |   232 |    87 |    43 |    21 ||   515
       Mace              |       |       |     7 |    98 |    49 |       |       |       ||   154
 Cast: Flame Tongue      |    52 |    89 |   187 |   589 |   568 |   452 |   360 |    57 ||  2354
       Throw Flame       |       |    46 |    61 |   131 |   101 |   130 |   109 |    22 ||   600
       Conjure Flame     |       |     1 |     8 |     8 |     3 |       |     1 |       ||    21
       Sandblast         |       |       |    13 |     6 |     1 |       |       |       ||    20
       Sticky Flame      |       |       |     6 |    61 |    80 |    43 |    21 |     2 ||   213
       Fireball          |       |       |       |    11 |   104 |   205 |   267 |    68 ||   655
       Stone Arrow       |       |       |       |     1 |     3 |       |       |       ||     4
       Mephitic Cloud    |       |       |       |   124 |    68 |    55 |    41 |     9 ||   297
       Iskenderun's Batt |       |       |       |       |    84 |   219 |   230 |    50 ||   583
       Iskenderun's Myst |       |       |       |       |    46 |    24 |   104 |     3 ||   177
       Summon Lightning  |       |       |       |       |    21 |    55 |    48 |    15 ||   139
       Spellforged Servi |       |       |       |       |    10 |    15 |     9 |     2 ||    36
       Call Canine Famil |       |       |       |       |     2 |       |       |       ||     2
       Bolt of Cold      |       |       |       |       |       |    35 |    16 |     3 ||    54
       Ozocubu's Armour  |       |       |       |       |       |     9 |    14 |     5 ||    28
       Repel Missiles    |       |       |       |       |       |     3 |     2 |       ||     5
       Force Lance       |       |       |       |       |       |       |   220 |    49 ||   269
       Shadow Creatures  |       |       |       |       |       |       |     2 |     3 ||     5
       Blink             |       |       |       |       |       |       |     1 |     1 ||     2
       Animate Skeleton  |       |       |       |       |       |       |     4 |    42 ||    46
       Bolt of Draining  |       |       |       |       |       |       |     4 |    36 ||    40
Evoke: Wand              |       |       |       |    18 |    12 |    19 |     9 |     4 ||    62
       Lamp of fire      |       |       |       |       |     1 |     1 |     1 |       ||     3
       Rod               |       |       |       |       |       |     6 |     1 |       ||     7
       Fan of gales      |       |       |       |       |       |       |     1 |       ||     1
  Use: Scroll            |     3 |     5 |    11 |     9 |    18 |    17 |    22 |     3 ||    88
       Potion            |     1 |       |     6 |     5 |       |     1 |     6 |     2 ||    21
 Stab: Sleeping          |     1 |     8 |     1 |     1 |     4 |     5 |     3 |       ||    23
       Confused          |       |       |       |    21 |    29 |    15 |     4 |     3 ||    72
       Distracted        |       |       |       |       |     1 |     2 |       |     1 ||     4
  Eat: Chunk             |       |     9 |    12 |    37 |    42 |   126 |    61 |    29 ||   316
       Royal jelly       |       |       |     1 |       |       |       |     1 |       ||     2
       Bread ration      |       |       |       |       |       |       |     2 |     1 ||     3
       Pizza             |       |       |       |       |       |       |     1 |       ||     1
       Beef jerky        |       |       |       |       |       |       |     1 |       ||     1
Armor: Robe              |     8 |    16 |    24 |    14 |       |       |       |       ||    62
       Troll leather arm |       |       |       |    57 |    69 |       |       |       ||   126
       Leather armour    |       |       |       |       |    21 |    75 |    42 |    16 ||   154
Dodge: Dodged            |    17 |    53 |    40 |   166 |   242 |   216 |    98 |    67 ||   899
       Deflected         |       |       |       |       |       |    15 |    10 |     5 ||    30
Block: Buckler           |       |       |       |    29 |   121 |   132 |    63 |    39 ||   384
       Reflection        |       |       |       |       |     7 |    36 |    13 |     5 ||    61
